 Dungeon Crawl Stone Soup version 0.31-a0-844-gdc52ec4 (webtiles) character file.

Game seed: 11009032424979267439

602 BarneyGumball the Skirmisher (level 7, -1/55 HPs)
             Began as a Yellow Draconian Hunter on Sept 30, 2023.
             Slain by an acid dragon (9 damage)
             ... on level 5 of the Dungeon.
             The game lasted 00:10:25 (3823 turns).

BarneyGumball the Skirmisher (DrHu)                 Turns: 3823, Time: 00:10:25

Health: -1/55      AC:  6    Str: 14    XL:     7   Next: 18%
Magic:  7/7        EV: 12    Int:  9    God:
Gold:   344        SH:  0    Dex: 16    Spells: 4/6 levels left

rFire   . . .        a - +0 shortbow
rCold   . . .        (shield currently unavailable)
rNeg    . . .        (body armour unavailable)
rPois   .            (helmet restricted)
rElec   .            (no cloak)
rCorr   +            (no gloves)
SInv    .            (no boots)
Will    .....        (no amulet)
Stlth   ++           o - ring of wizardry
HPRegen 0.29/turn    (no ring)
MPRegen 0.10/turn

%: wizardry (x1)
@: short of breath
A: spit acid, AC +6, unfitting armour, cold-blooded, acid resistance
a: Breathe Acid


You were on level 5 of the Dungeon.
You visited 2 branches of the dungeon, and saw 7 of its levels.

You collected 344 gold pieces.

Inventory:

Hand Weapons
 a - a +0 shortbow (weapon)
Jewellery
 o - a ring of wizardry (left hand)
Scrolls
 b - a scroll of butterflies
 c - 4 scrolls of blinking
 f - a scroll of amnesia {unknown}
 g - a scroll of vulnerability {unknown}
 h - a scroll of enchant armour {unknown}
 i - 2 scrolls of fog
 m - a scroll of revelation {unknown}
Potions
 d - 2 potions of resistance {unknown}
 e - a potion of curing
 j - 2 potions of lignification
 k - a potion of attraction
 l - a potion of mutation {unknown}
 n - a potion of degeneration {unknown}
 p - a potion of brilliance {unknown}


   Skills:
 - Level 2.1 Fighting
 + Level 8.0 Ranged Weapons
 - Level 1.7 Dodging
 - Level 0.8 Stealth


You had 4 spell levels left.
You knew the following spells:

 Your Spells              Type           Power      Damage    Failure   Level
a - Blink                 Tloc           0%         N/A       24%         2

Your spell library contained the following spells:

 Spells                   Type           Power      Damage    Failure   Level
 Magic Dart               Conj           0%         1d3       16%         1
 Shock                    Conj/Air       0%         1d3       16%         1
 Call Imp                 Summ           0%         N/A       24%         2
 Lesser Beckoning         Tloc           0%         N/A       24%         2
 Momentum Strike          Conj/Tloc      0%         3d8       24%         2
 Sublimation of Blood     Necr           0%         N/A       24%         2
 Wereblood                Tmut           0%         N/A       24%         2
 Mephitic Cloud           Conj/Pois/Air  0%         N/A       43%         3
 Ozocubu's Armour         Ice            0%         N/A       43%         3
 Swiftness                Air            0%         N/A       43%         3
 Airstrike                Air            0%         2d(0-16)  82%         4
 Ozocubu's Refrigeration  Ice            0%         4d7       100%        7
 Summon Hydra             Summ           0%         N/A       100%        7


Dungeon Overview and Level Annotations

Branches:
Dungeon (6/15)             Temple (1/1) D:4

Altars:
Ashenzari
Fedhas
Gozag
Nemelex Xobeh
Okawaru
Qazlal
Ru
Sif Muna
Uskayaw
Vehumet
Wu Jian
Xom
Zin

Annotations:
D:5 Ijyb, Sigmund


Innate Abilities, Weirdness & Mutations

You can spit globs of acid.
Your golden yellow scales are hard. (AC +6)
You cannot fit into any form of body armour.
You are cold-blooded and may be slowed by cold attacks.
You are resistant to acid. (rCorr)


Message History

The acid dragon is moderately wounded.
You feel sick. The acid dragon bites you.
* * * LOW HITPOINT WARNING * * *
The acid dragon claws you but does no damage.
Fire: a) +0 shortbow
Press: ? - help, Q - select action, (/) - cycle Shift-Dir - straight line, f/p - acid dragon
Aim: an acid dragon (moderately wounded, catching its breath, 65% to hit)
You shoot an arrow.
The arrow closely misses the acid dragon.
You feel sick. The acid dragon barely misses you.
The acid dragon claws you but does no damage.
Fire: a) +0 shortbow
Press: ? - help, Q - select action, (/) - cycle Shift-Dir - straight line, f/p - acid dragon
Aim: an acid dragon (moderately wounded, 65% to hit)
You shoot an arrow. The arrow hits the acid dragon!
The acid dragon is severely wounded.
You feel sick.
The acid dragon bites you but does no damage.
The acid dragon closely misses you.
Okay, then.
Fire: a) +0 shortbow
Press: ? - help, Q - select action, (/) - cycle Shift-Dir - straight line, f/p - acid dragon
Aim: an acid dragon (severely wounded, 65% to hit)
You shoot an arrow.
The arrow hits the acid dragon but does no damage.
The acid dragon is severely wounded.
You feel sick. The acid dragon misses you.
The acid dragon claws you but does no damage.
A water moccasin comes into view.
You feel better. The acid dragon bites you!
* * * LOW HITPOINT WARNING * * *
The acid dragon claws you but does no damage.
Fire: a) +0 shortbow
Press: ? - help, Q - select action, (/) - cycle Shift-Dir - straight line, f/p - acid dragon
Aim: an acid dragon (severely wounded, 65% to hit)
You shoot an arrow.
The arrow hits the acid dragon but does no damage.
The acid dragon is severely wounded.
The acid dragon bites you!
You die...

#.#.#### #..#.####.##......##...
#.#.# #........####.##....#.
#.#.########...####......###.#...
#.#..............##.####.........
#.##############......####.......
#.# #.#.##......###### #.#
#...####...## #
##########..#.......# ##
#)....S.D@..#.#.....# #.
#.....#####...#.....# #. #.....#
#####.....####.. #.....#
#.......#..# #.....# #.....#.#.#
...........# #...^.#.#.
...........# ####......
..)........# #####.# ....[.....##
>.


You could see a water moccasin and an acid dragon.

Vanquished Creatures
  A black bear (D:5)
  A bullfrog (D:6)
  A scorpion (D:5)
  2 jellies (D:5)
  2 hounds
  A gnoll bouda (D:3)
  An orc priest (D:6)
  7 adders
  5 gnolls
  A white imp (D:5)
  2 worms
  A dart slug (D:4)
  6 orcs
  9 ball pythons
  4 endoplasms
  4 giant cockroaches
  9 goblins
  10 hobgoblins
  3 jackals (D:1)
  11 kobolds
  3 quokkas
  5 bats
  6 frilled lizards
  2 rats
97 creatures vanquished.

Notes
Turn   | Place    | Note
-------+----------+-------------------------------------------
     0 | D:1      | BarneyGumball the Draconian Hunter began the quest for the
                  | Orb.
     0 | D:1      | Reached XP level 1. HP: 17/17 MP: 1/1
   134 | D:1      | Reached skill level 4 in Ranged Weapons
   136 | D:1      | Reached XP level 2. HP: 24/24 MP: 2/2
   373 | D:1      | Reached XP level 3. HP: 29/29 MP: 3/3
   836 | D:2      | Reached skill level 5 in Ranged Weapons
  1052 | D:3      | Reached XP level 4. HP: 36/36 MP: 4/4
  1262 | D:3      | You fall into a shaft and drop 1 floor!
  1367 | D:3      | Found a faded altar of an unknown god.
  1768 | D:3      | Reached XP level 5. HP: 41/41 MP: 5/5
  1870 | D:4      | Found an ornate altar of the Wu Jian Council.
  1911 | D:4      | Found a staircase to the Ecumenical Temple.
  1920 | Temple   | Entered the Ecumenical Temple
  1937 | D:4      | Reached skill level 6 in Ranged Weapons
  2069 | D:4      | Found an opulent altar of Gozag.
  2300 | D:4      | Found a broken altar of Ashenzari.
  2477 | D:5      | Entered Level 5 of the Dungeon
  2553 | D:5      | Noticed Ijyb
  2567 | D:5      | Noticed Sigmund
  2570 | D:5      | Found a shimmering blue altar of Sif Muna.
  2776 | D:5      | Learned a level 2 spell: Blink
  2789 | D:5      | Reached XP level 6. HP: 48/48 MP: 6/6
  2855 | D:5      | Noticed an acid dragon
  2873 | D:5      | Reached skill level 7 in Ranged Weapons
  2986 | D:5      | Found a blossoming altar of Fedhas.
  3568 | D:5      | HP: 1/48 [black bear (6)]
  3570 | D:5      | Reached skill level 8 in Ranged Weapons
  3570 | D:5      | Your scales start taking on a golden yellow colour.
  3570 | D:5      | Reached XP level 7. HP: 2/55 MP: 7/7
  3570 | D:5      | Gained mutation: You are resistant to acid. (rCorr) [Yellow
                  | Draconian growth]
  3823 | D:5      | Slain by an acid dragon

Illustrated notes

Levels and vault maps discovered:
D:1:      dpeg_arrival_simpleton_c, layout_loops_cross
D:2:      layout_rooms
D:3:      layout_basic, shapermc_ecumenical_altar_notcrosses
D:4:      layout_loops_ring, mainiacjoe_overflow_concentric_impassable,
          nicolae_wu_jian_wuxing_cycle, lemuel_doored_altar,
          minmay_temple_entry_trees
D:5:      layout_basic, nicolae_tso_swordbearing_angel, lemuel_crystal_altar,
          mainiacjoe_overflow_cross_hatched, nicolae_letterblocks
          [nicolae_letter_subblock, nicolae_letter_subblock,
          nicolae_letter_subblock, nicolae_letter_subblock,
          nicolae_letter_subblock, nicolae_letter_subblock,
          nicolae_letter_subblock, nicolae_letter_subblock,
          nicolae_letter_subblock, nicolae_letter_subblock,
          nicolae_letter_subblock, nicolae_letter_subblock,
          nicolae_letter_subblock, nicolae_letter_subblock,
          nicolae_letter_subblock, nicolae_letter_subblock,
          nicolae_letter_subblock, nicolae_letter_subblock,
          nicolae_letter_subblock, nicolae_letter_subblock,
          nicolae_letter_subblock, nicolae_letter_subblock,
          nicolae_letter_subblock, nicolae_letter_subblock,
          nicolae_letter_subblock], uniq_ijyb, uniq_sigmund
D:6:      minmay_goblin_kobold_castle, layout_gridville, kennysheep_mini_moat,
          kennysheep_mini, lightli_sewer_entry_pipes, uniq_maggie,
          uniq_prince_ribbit1
Temple:   hellmonk_temple_of_storms

Skill      XL: |  1  2  3  4  5  6 |
---------------+-------------------+-----
Ranged Weapons | 4 5 6 8 |  8.0
Fighting       | |  2.1
Dodging        | |  1.7
Stealth        | |  0.8

Action                     |  1- 3 |  4- 6 |  7- 9 || total
---------------------------+-------+-------+-------++-------
   Fire: Shortbow          |   142 |   226 |    14 ||   382
Ability: Breathe Acid      |       |       |     1 ||     1
    Use: Scroll            |       |     5 |       ||     5
         Potion            |       |       |     1 ||     1
 Armour: Skin              |    15 |   104 |    15 ||   134
  Dodge: Dodged            |    15 |    80 |     4 ||    99

Table legend: (Time is in decaauts)
 A = Elapsed time spent in this place.
 B = Non-inter-level travel time spent in this place.
 C = Inter-level travel time spent in this place.
 D = Time resting spent in this place.
 E = Time spent auto-exploring this place.
 F = Levels seen in this place.
 G = Mean time per level.
                   A        B        C        D        E       F      G
               +--------+--------+--------+--------+--------+-----+--------+
         Total |   3869 |   3612 |    257 |    239 |   2518 |   7 |  552.7 |
       Dungeon |   3867 |   3610 |    257 |    239 |   2518 |   6 |  644.5 |
        Temple |      1 |      1 |      0 |      0 |      0 |   1 |    1.0 |
               +--------+--------+--------+--------+--------+-----+--------+

Top non-repeatable levels by time:
     D:5: 1032 daAuts
     D:4: 968 daAuts
     D:1: 644 daAuts
     D:3: 632 daAuts
     D:2: 419 daAuts
     D:6: 169 daAuts
  Temple: 1 daAuts
